 Dungeon Crawl Stone Soup version 0.28-a0-1334-g1c9ffb4daf (webtiles) character file.

Game seed: 7109034754713143591

882 Grim the Poker (level 8, 58/58 HPs)
             Began as a Formicid Fighter on Dec 28, 2021.
             Quit the game on level 5 of the Dungeon.
             The game lasted 00:07:00 (5699 turns).

Grim the Poker (Formicid Fighter)                   Turns: 5699, Time: 00:07:01

Health: 58/58      AC:  8    Str: 22    XL:     8   Next: 25%
Magic:  8/8        EV:  9    Int:  9    God:
Gold:   232        SH:  4    Dex: 10    Spells: 5/7 levels left

rFire   . . .      SeeInvis +   a - +0 trident
rCold   . . .      Faith    .   c - +0 buckler
rNeg    . . .      Spirit   .   b - +0 scale mail
rPois   .          Reflect  .   (helmet unavailable)
rElec   .          Harm     .   (no cloak)
rCorr   .          Rampage  .   d - +0 pair of gloves
Will    .....                   (no boots)
Stlth   ..........              (no amulet)
HPRegen 0.19/turn               (no ring)
MPRegen 0.11/turn               (no ring)

@: no status effects
A: permanent stasis, dig shafts and tunnels, antennae 3, four strong arms
a: Dig, Shaft Self


You were on level 5 of the Dungeon.
You visited 1 branch of the dungeon, and saw 5 of its levels.

You collected 232 gold pieces.

Inventory:

Hand Weapons
 a - a +0 trident (weapon)
Missiles
 m - 12 poisoned darts
 r - a boomerang
Armour
 b - a +0 scale mail (worn)
 c - a +0 buckler (worn)
 d - a +0 pair of gloves (worn)
Scrolls
 e - 2 scrolls of brand weapon {unknown}
 g - a scroll of holy word {unknown}
 h - a scroll of noise {unknown}
 j - a scroll of magic mapping {unknown}
 k - a scroll of immolation {unknown}
 l - a scroll of torment {unknown}
 n - a scroll of summoning {unknown}
 o - a scroll of enchant armour {unknown}
 p - 3 scrolls of identify {unknown}
 q - 2 scrolls of fear {unknown}
 s - a scroll of vulnerability {unknown}
 t - a scroll of silence {unknown}
Potions
 f - a potion of brilliance
 i - 2 potions of attraction
 u - a potion of heal wounds {unknown}


   Skills:
 - Level 3.2 Fighting
 * Level 7.7 Polearms
 - Level 3.2 Armour
 - Level 3.6 Shields
 - Level 4.5 Summonings


You had 5 spell levels left.
You knew the following spells:

 Your Spells              Type           Power      Damage    Failure   Level
a - Call Imp              Summ           8%         N/A       26%         2

Your spell library contained the following spells:

 Spells                   Type           Power      Damage    Failure   Level
 Magic Dart               Conj           0%         1d3       71%         1
 Lesser Beckoning         Tloc           0%         N/A       97%         3
 Mephitic Cloud           Conj/Pois/Air  0%         N/A       97%         3
 Passage of Golubria      Tloc           0%         N/A       100%        4
 Manifold Assault         Tloc           0%         N/A       100%        5
 Silence                  Hex/Air        0%         N/A       100%        5
 Lehudib's Crystal Spear  Conj/Erth      0%         10d2      100%        8
 Blink                    Tloc           Unusable   N/A       N/A         2

Dungeon Overview and Level Annotations

Branches:
Dungeon (5/15)
 Temple: D:4-7

Altars:
Elyvilon
Sif Muna

Shops:
D:5 *


Innate Abilities, Weirdness & Mutations

You cannot be hasted, slowed, berserked, paralysed or teleported.
You can dig through walls and to a lower floor.
You have a pair of large antennae on your head. (SInv)
Your four strong arms can wield two-handed weapons with a shield.


Message History

The hound barks!
A hound is nearby!
You reach to attack!
You barely miss the hound. You hit the hound.
The hound is moderately wounded.
The hound bites you.
You hit the hound but do no damage.
The hound is moderately wounded.
You block the hound's attack. The hound bites you.
You closely miss the hound.
The hound is moderately wounded.
You block the hound's attack.
You puncture the hound!
The hound is severely wounded.
You block the hound's attack. The hound bites you but does no damage.
You closely miss the hound.
The hound is severely wounded.
The hound bites you.
You barely miss the hound.
The hound is severely wounded.
The hound bites you.
You hit the hound but do no damage.
The hound is severely wounded.
The hound bites you but does no damage. The hound closely misses you.
You barely miss the hound.
The hound is severely wounded.
You block the hound's attack.
You puncture the hound!
You kill the hound!
No target in view!
You see here a hound corpse.
Found a stone staircase leading up.
There is a stone staircase leading up here.
A necrophage comes into view.
A necrophage is nearby!
No reachable target in view!
No reachable target in view!
A necrophage is nearby!
No reachable target in view!
Are you sure you want to abandon this character and quit the game? (Confirm with "yes".)

≈.≈..n .≈.# .≈≈≈≈ .≈.# ..§.
.§.# ≈≈≈ ≈≈. .. .. #.#.# #...#
#.@# # .. ##.# #.#.## #.#
..#... .# # #.# #.....
.#.######.#
#.#..##.#.##.....#######
#.........##.###.......########
........####.#
#.####..##...).###
#............#
#.####..#..###.##.


You could see a necrophage (wandering).

Vanquished Creatures
  A water moccasin (D:3)
  A black bear (D:5)
  A centaur (D:5)
  An ogre (D:4)
  2 phantoms
  A water moccasin skeleton (D:4)
  2 hounds
  2 jellies (D:5)
  A bullfrog skeleton (D:5)
  An orc wizard (D:4)
  A hound skeleton (D:5)
  4 adders
  2 ufetubi
  An adder skeleton (D:4)
  A worm (D:3)
  4 dart slugs
  4 orcs
  8 bats
  5 endoplasms
  2 giant cockroaches (D:1)
  6 hobgoblins
  4 quokkas
  9 ball pythons
  3 frilled lizards
  5 goblins
  8 kobolds
  7 rats
87 creatures vanquished.

Notes
Turn   | Place    | Note
-------+----------+-------------------------------------------
     0 | D:1      | Grim the Formicid Fighter began the quest for the Orb.
     0 | D:1      | Reached XP level 1. HP: 18/18 MP: 1/1
   142 | D:1      | Reached XP level 2. HP: 22/24 MP: 2/2
   351 | D:1      | Reached skill level 3 in Polearms
   461 | D:1      | Reached XP level 3. HP: 25/29 MP: 3/3
   833 | D:1      | Learned a level 2 spell: Call Imp
   851 | D:2      | Found a white marble altar of Elyvilon.
  1122 | D:2      | Reached XP level 4. HP: 35/35 MP: 4/4
  1189 | D:2      | Identified the +2 robe of the Swamp {rPois rC- Slay+5
                  | Stlth+}
  1386 | D:2      | Reached skill level 4 in Polearms
  1692 | D:3      | Noticed a water moccasin
  1702 | D:3      | Killed a water moccasin
  1703 | D:3      | Reached skill level 5 in Polearms
  1703 | D:3      | Reached XP level 5. HP: 37/41 MP: 5/5
  2316 | D:3      | Reached XP level 6. HP: 42/47 MP: 6/6
  2347 | D:3      | Found a white marble altar of Elyvilon.
  3377 | D:4      | Reached skill level 6 in Polearms
  3377 | D:4      | Reached XP level 7. HP: 47/52 MP: 7/7
  3521 | D:4      | HP: 1/52 [phantom (3)]
  4003 | D:4      | Found a shimmering blue altar of Sif Muna.
  4275 | D:5      | Entered Level 5 of the Dungeon
  4684 | D:5      | Reached skill level 7 in Polearms
  5065 | D:4      | Reached XP level 8. HP: 47/58 MP: 8/8
  5438 | D:5      | Found Pemeadgha's Assorted Antiques.
  5699 | D:5      | Quit the game

Illustrated notes

Levels and vault maps discovered:
D:1:      psy_arrival_heroes, layout_basic, kennysheep_minor_cross,
          minmay_pentomino_x4
D:2:      layout_basic, basic_altar, serial_shops, shop_fountains,
          dk_noncrumbling_4
D:3:      cheibrodos_helix_gallery, layout_basic,
          mainiacjoe_overflow_surrounded_room
D:4:      layout_basic, kennysheep_orc_sif_temple, lemuel_another_geyser
D:5:      layout_loops_cross, mainiacjoe_overflow_concentric_impassable,
          serial_shops, shop, feat_on_display

Skill      XL: |  1  2  3  4  5  6  7 |
---------------+----------------------+-----
Polearms       | 3 5 6 7 |  7.7
Summonings     | 2 3 4 |  4.5
Fighting       | |  3.2
Armour         | |  3.2
Shields        | |  3.6

Action                   |  1- 3 |  4- 6 |  7- 9 || total
-------------------------+-------+-------+-------++-------
Melee: Trident           |    93 |   169 |   152 ||   414
  Use: Potion            |       |     1 |     5 ||     6
 Stab: Distracted        |       |     1 |       ||     1
Armor: Scale mail        |    43 |    43 |    56 ||   142
       Skin              |       |       |     3 ||     3
Dodge: Dodged            |    28 |    57 |    59 ||   144
Block: Buckler           |    25 |    33 |    35 ||    93

Table legend: (Time is in decaauts)
 A = Elapsed time spent in this place.
 B = Non-inter-level travel time spent in this place.
 C = Inter-level travel time spent in this place.
 D = Time resting spent in this place.
 E = Time spent auto-exploring this place.
 F = Levels seen in this place.
 G = Mean time per level.
                   A        B        C        D        E       F      G
               +--------+--------+--------+--------+--------+-----+--------+
         Total |   5726 |   5561 |    165 |   1680 |   3099 |   5 | 1145.2 |
       Dungeon |   5726 |   5561 |    165 |   1680 |   3099 |   5 | 1145.2 |
               +--------+--------+--------+--------+--------+-----+--------+

Top non-repeatable levels by time:
     D:3: 1504 daAuts
     D:4: 1444 daAuts
     D:5: 1171 daAuts
     D:1: 861 daAuts
     D:2: 745 daAuts
